| TOP OF THE 1ST |
|
Trois-Riveres Aigles batting - Pitching for Niagara Falls Phantoms : RHP Aneirin Cadwallader
|
|
Pitching: RHP Aneirin Cadwallader
|
|
|
Batting: LHB Jonathan Spino
|
0-0: Called Strike 0-1: Called Strike 0-2: Ball 1-2: Ground out 6-3 (Groundball, 6, EV 100.0 MPH)
|
|
Batting: SHB Dave Reynoso
|
0-0: Swinging Strike 0-1: Ball 1-1: Swinging Strike 1-2: Ball 2-2: Strikes out looking
|
|
Batting: LHB Darryl Gonnella
|
0-0: Called Strike 0-1: Ball 1-1: Foul Ball, location: 2F 1-2: Foul Ball, location: 2F 1-2: Strikes out swinging
|
| Top of the 1st over - 0 runs, 0 hits, 0 errors, 0 left on base; Trois-Riveres 0 - Niagara Falls 0 |
| BOTTOM OF THE 1ST |
|
Niagara Falls Phantoms batting - Pitching for Trois-Riveres Aigles : RHP Jason Cheek
|
|
Pitching: RHP Jason Cheek
|
|
|
Batting: RHB Devon Utley
|
0-0: Called Strike 0-1: Ball 1-1: Foul Ball, location: 2F 1-2: Ball 2-2: Ball 3-2: Base on Balls
|
|
Batting: SHB Mukhtar Wa'il
|
0-0: Hit by Pitch Devon Utley to second
|
|
Batting: LHB Aaron Joyner
|
0-0: Called Strike 0-1: Ball 1-1: Ball 2-1: Foul Ball, location: 2F 2-2: SINGLE (Line Drive, 78S, EV 100.6 MPH) Devon Utley to third Mukhtar Wa'il to second Runner from 3rd tries for Home, throw by LF and OUT! 7-2
|
|
Batting: LHB Jose Lebron
|
0-0: Grounds into double play, 3-6-3 (Groundball, 23, EV 91.9 MPH)
|
| Bottom of the 1st over - 0 runs, 1 hit, 0 errors, 1 left on base; Trois-Riveres 0 - Niagara Falls 0 |
| TOP OF THE 2ND |
|
Trois-Riveres Aigles batting - Pitching for Niagara Falls Phantoms : RHP Aneirin Cadwallader
|
|
Batting: RHB Sesto Carpini
|
0-0: Swinging Strike 0-1: Ball 1-1: Foul Ball, location: 2F 1-2: Ball 2-2: SOLO HOME RUN (Flyball, 9D, EV 97.5 MPH), Distance : 362 ft
|
|
Batting: RHB Jose Arriola
|
0-0: Fly out, F3 (Popup, 3SF, EV 63.1 MPH)
|
|
Batting: RHB Dave Galloway
|
0-0: Called Strike 0-1: Swinging Strike 0-2: Strikes out swinging
|
|
Batting: RHB Nelle Lommen
|
0-0: SOLO HOME RUN (Flyball, 78XD, EV 108.1 MPH), Distance : 396 ft
|
|
Batting: RHB Jason Penfield
|
0-0: Called Strike 0-1: Swinging Strike 0-2: Ball 1-2: Strikes out looking
|
| Top of the 2nd over - 2 runs, 2 hits, 0 errors, 0 left on base; Trois-Riveres 2 - Niagara Falls 0 |
| BOTTOM OF THE 2ND |
|
Niagara Falls Phantoms batting - Pitching for Trois-Riveres Aigles : RHP Jason Cheek
|
|
Batting: RHB Alex Colon
|
0-0: Called Strike 0-1: Ball 1-1: Hit by Pitch
|
|
Batting: LHB Bart Davies
|
0-0: Ball 1-0: Called Strike 1-1: Foul Ball, location: 2F 1-2: Ball 2-2: Foul Ball, location: 2F 2-2: Ball 3-2: Reached on error, E2 (Groundball, 15S, EV 60.6 MPH) Alex Colon to third
|
|
Batting: SHB Edwin Dominguez
|
0-0: Called Strike 0-1: Ball 1-1: Ball 2-1: Reached on error, E3 (Groundball, 3, EV 105.6 MPH) Alex Colon scores Bart Davies to third
|
|
Batting: RHB Nazeeh Zubair
|
0-0: Foul Ball, location: 2F 0-1: Foul Ball, location: 2F 0-2: SINGLE (Line Drive, 78M, EV 85.0 MPH) Bart Davies scores Edwin Dominguez to second
|
|
Batting: SHB David Stewart
|
0-0: Called Strike 0-1: Ball 1-1: Foul Ball, location: 2F 1-2: Ball 2-2: Foul Ball, location: 2F 2-2: Ball 3-2: Reached on error, E6 (Flyball, 5D, EV 77.5 MPH) Edwin Dominguez to third Nazeeh Zubair to second
|
|
Batting: RHB Devon Utley
|
0-0: Foul Ball, location: 2F 0-1: Foul Ball, location: 2F 0-2: Strikes out swinging
|
|
Batting: SHB Mukhtar Wa'il
|
0-0: Ball 1-0: Ball 2-0: Foul Ball, location: 2F 2-1: Foul Ball, location: 2F 2-2: Ball 3-2: Grounds into double play, 4-6-3 (Groundball, 34, EV 105.0 MPH)
|
| Bottom of the 2nd over - 2 runs, 1 hit, 3 errors, 2 left on base; Trois-Riveres 2 - Niagara Falls 2 |
| TOP OF THE 3RD |
|
Trois-Riveres Aigles batting - Pitching for Niagara Falls Phantoms : RHP Aneirin Cadwallader
|
|
Batting: RHB Josh Harmon
|
0-0: Called Strike 0-1: Ball 1-1: Foul Ball, location: 2F 1-2: Foul Ball, location: 2F 1-2: Strikes out swinging
|
|
Batting: LHB Jonathan Spino
|
0-0: Called Strike 0-1: Ball 1-1: Swinging Strike 1-2: Ground out U3 (Groundball, 34, EV 98.1 MPH)
|
|
Batting: SHB Dave Reynoso
|
0-0: Ball 1-0: Ball 2-0: Called Strike 2-1: Swinging Strike 2-2: Ground out 4-3 (Groundball, 4, EV 106.9 MPH)
|
| Top of the 3rd over - 0 runs, 0 hits, 0 errors, 0 left on base; Trois-Riveres 2 - Niagara Falls 2 |
| BOTTOM OF THE 3RD |
|
Niagara Falls Phantoms batting - Pitching for Trois-Riveres Aigles : RHP Jason Cheek
|
|
Batting: LHB Aaron Joyner
|
0-0: Called Strike 0-1: Ball 1-1: Foul Ball, location: 2F 1-2: Ball 2-2: Strikes out swinging
|
|
Batting: LHB Jose Lebron
|
0-0: Called Strike 0-1: Swinging Strike 0-2: Strikes out looking
|
|
Batting: RHB Alex Colon
|
0-0: Ball 1-0: Ball 2-0: Called Strike 2-1: Swinging Strike 2-2: Strikes out looking
|
| Bottom of the 3rd over - 0 runs, 0 hits, 0 errors, 0 left on base; Trois-Riveres 2 - Niagara Falls 2 |
| TOP OF THE 4TH |
|
Trois-Riveres Aigles batting - Pitching for Niagara Falls Phantoms : RHP Aneirin Cadwallader
|
|
Batting: LHB Darryl Gonnella
|
0-0: Called Strike 0-1: Ball 1-1: Swinging Strike 1-2: Ball 2-2: Ball 3-2: Strikes out swinging
|
|
Batting: RHB Sesto Carpini
|
0-0: Ball 1-0: Fly out, F8 (Line Drive, 8RD, EV 93.8 MPH)
|
|
Batting: RHB Jose Arriola
|
0-0: Called Strike 0-1: Fly out, F7 (Flyball, 7S, EV 83.1 MPH)
|
| Top of the 4th over - 0 runs, 0 hits, 0 errors, 0 left on base; Trois-Riveres 2 - Niagara Falls 2 |
| BOTTOM OF THE 4TH |
|
Niagara Falls Phantoms batting - Pitching for Trois-Riveres Aigles : RHP Jason Cheek
|
|
Batting: LHB Bart Davies
|
0-0: Swinging Strike 0-1: Ball 1-1: Foul Ball, location: 2F 1-2: Ball 2-2: Ball 3-2: Foul Ball, location: 2F 3-2: Foul Ball, location: 2F 3-2: Reaches on Catchers interference
|
|
Batting: SHB Edwin Dominguez
|
0-0: Swinging Strike 0-1: Swinging Strike 0-2: Foul Ball, location: 2F 0-2: Ball 1-2: Strikes out swinging
|
|
Batting: RHB Nazeeh Zubair
|
0-0: Ball 1-0: Foul Ball, location: 2F 1-1: Foul Ball, location: 2F 1-2: Foul Ball, location: 2F 1-2: Strikes out swinging
|
|
Batting: SHB David Stewart
|
0-0: Called Strike 0-1: Swinging Strike 0-2: Foul Ball, location: 2F 0-2: Ball 1-2: Ball 2-2: Ball 3-2: Fly out, F7 (Flyball, 78M, EV 88.1 MPH)
|
| Bottom of the 4th over - 0 runs, 0 hits, 1 error, 1 left on base; Trois-Riveres 2 - Niagara Falls 2 |
| TOP OF THE 5TH |
|
Trois-Riveres Aigles batting - Pitching for Niagara Falls Phantoms : RHP Aneirin Cadwallader
|
|
Batting: RHB Dave Galloway
|
0-0: Ball 1-0: Ball 2-0: Foul Ball, location: 2F 2-1: Fly out, F5 (Flyball, 5D, EV 92.5 MPH)
|
|
Batting: RHB Nelle Lommen
|
0-0: Called Strike 0-1: SINGLE (Line Drive, 34, EV 94.4 MPH)
|
|
Batting: RHB Jason Penfield
|
0-0: Ball 1-0: Ball 2-0: Fly out, F9 (Flyball, 89M, EV 83.8 MPH)
|
|
Batting: RHB Josh Harmon
|
0-0: Ball 1-0: Fielders Choice at 2nd, 5-4 (Groundball, 56, EV 82.5 MPH)
|
| Top of the 5th over - 0 runs, 1 hit, 0 errors, 1 left on base; Trois-Riveres 2 - Niagara Falls 2 |
| BOTTOM OF THE 5TH |
|
Niagara Falls Phantoms batting - Pitching for Trois-Riveres Aigles : RHP Jason Cheek
|
|
Batting: RHB Devon Utley
|
0-0: Ground out 6-3 (Groundball, 56, EV 82.5 MPH)
|
|
Batting: SHB Mukhtar Wa'il
|
0-0: Ball 1-0: Hit by Pitch
|
|
Batting: LHB Aaron Joyner
|
0-0: Called Strike 0-1: Foul Ball, location: 2F 0-2: Strikes out swinging
|
|
Batting: LHB Jose Lebron
|
0-0: Ball 1-0: Called Strike 1-1: Swinging Strike 1-2: Fly out, F7 (Flyball, 7LD, EV 88.8 MPH)
|
| Bottom of the 5th over - 0 runs, 0 hits, 0 errors, 1 left on base; Trois-Riveres 2 - Niagara Falls 2 |
| TOP OF THE 6TH |
|
Trois-Riveres Aigles batting - Pitching for Niagara Falls Phantoms : RHP Aneirin Cadwallader
|
|
Batting: LHB Jonathan Spino
|
0-0: Called Strike 0-1: Foul Ball, location: 2F 0-2: Ball 1-2: Strikes out swinging
|
|
Batting: SHB Dave Reynoso
|
0-0: SINGLE (Groundball, 3S, EV 69.4 MPH) (infield hit)
|
|
Batting: LHB Darryl Gonnella
|
0-0: Called Strike 0-1: SINGLE (Groundball, 4MD, EV 105.6 MPH) Dave Reynoso to second
|
|
Batting: RHB Sesto Carpini
|
0-0: Called Strike 0-1: Called Strike 0-2: Ball 1-2: Ball 2-2: SINGLE (Groundball, 6MD, EV 96.9 MPH) Dave Reynoso to third Darryl Gonnella to second Runner from 3rd tries for Home, throw by CF and OUT! 8-2
|
|
Batting: RHB Jose Arriola
|
0-0: Ground out 5-3 (Groundball, 56, EV 104.4 MPH)
|
| Top of the 6th over - 0 runs, 3 hits, 0 errors, 2 left on base; Trois-Riveres 2 - Niagara Falls 2 |
| BOTTOM OF THE 6TH |
|
Niagara Falls Phantoms batting - Pitching for Trois-Riveres Aigles : RHP Jason Cheek
|
|
Batting: RHB Alex Colon
|
0-0: SINGLE (Groundball, 56D, EV 107.5 MPH)
|
|
Batting: LHB Bart Davies
|
0-0: Ball 1-0: Ball 2-0: Called Strike 2-1: SINGLE (Line Drive, 89M, EV 100.0 MPH) Alex Colon to second
|
|
Batting: SHB Edwin Dominguez
|
0-0: Swinging Strike 0-1: Foul Ball, location: 2F 0-2: Ball 1-2: Foul Ball, location: 2F 1-2: Foul Ball, location: 2F 1-2: Strikes out swinging
|
|
Batting: RHB Nazeeh Zubair
|
0-0: Foul Ball, location: 2F 0-1: Foul Ball, location: 2F 0-2: Ball 1-2: Ball 2-2: Ball 3-2: Grounds into double play, 6-4-3 (Groundball, 6, EV 83.8 MPH)
|
| Bottom of the 6th over - 0 runs, 2 hits, 0 errors, 1 left on base; Trois-Riveres 2 - Niagara Falls 2 |
| TOP OF THE 7TH |
|
Trois-Riveres Aigles batting - Pitching for Niagara Falls Phantoms : RHP Aneirin Cadwallader
|
|
Batting: RHB Dave Galloway
|
0-0: Called Strike 0-1: Fly out, F4 (Flyball, 4D, EV 88.1 MPH)
|
|
Batting: RHB Nelle Lommen
|
0-0: Called Strike 0-1: Ball 1-1: Called Strike 1-2: Strikes out swinging
|
|
Batting: RHB Jason Penfield
|
0-0: Called Strike 0-1: Foul Ball, location: 2F 0-2: Ball 1-2: Ball 2-2: Fly out, F5 (Popup, 5SF, EV 73.8 MPH)
|
| Top of the 7th over - 0 runs, 0 hits, 0 errors, 0 left on base; Trois-Riveres 2 - Niagara Falls 2 |
| BOTTOM OF THE 7TH |
|
Niagara Falls Phantoms batting - Pitching for Trois-Riveres Aigles : RHP Jason Cheek
|
|
Batting: SHB David Stewart
|
0-0: Foul Ball, location: 2F 0-1: Ball 1-1: Ball 2-1: Ball 3-1: Base on Balls
|
|
Pitching: LHP Jamie Houtman
|
|
|
Batting: RHB Devon Utley
|
0-0: Ball 1-0: Ball 2-0: Foul Ball, location: 2F 2-1: Foul Ball, location: 2F 2-2: Ball 3-2: Strikes out swinging
|
|
Batting: SHB Mukhtar Wa'il
|
0-0: Called Strike 0-1: Called Strike 0-2: Fly out, F8 (Line Drive, 8RD, EV 91.2 MPH)
|
|
Pinch Hitting: RHB Dale Altman
|
0-0: Ball 1-0: Called Strike 1-1: Ball 2-1: Swinging Strike 2-2: Strikes out swinging
|
| Bottom of the 7th over - 0 runs, 0 hits, 0 errors, 1 left on base; Trois-Riveres 2 - Niagara Falls 2 |
| TOP OF THE 8TH |
|
Trois-Riveres Aigles batting - Pitching for Niagara Falls Phantoms : RHP Aneirin Cadwallader
|
|
Pitching: RHP Vicente Martinez
|
|
|
Now in CF: John Sprenkel
|
|
|
Batting: SHB Ray Luna
|
0-0: Called Strike 0-1: Foul Ball, location: 2F 0-2: Ball 1-2: Strikes out looking
|
|
Batting: LHB Jonathan Spino
|
0-0: Called Strike 0-1: Ball 1-1: Called Strike 1-2: Ball 2-2: Strikes out swinging
|
|
Pitching: RHP Jimmy Williams
|
|
|
Batting: SHB Dave Reynoso
|
0-0: Ball 1-0: Called Strike 1-1: Called Strike 1-2: Ball 2-2: Strikes out looking
|
| Top of the 8th over - 0 runs, 0 hits, 0 errors, 0 left on base; Trois-Riveres 2 - Niagara Falls 2 |
| BOTTOM OF THE 8TH |
|
Niagara Falls Phantoms batting - Pitching for Trois-Riveres Aigles : LHP Jamie Houtman
|
|
Pitching: RHP David Hardy
|
|
|
Batting: LHB Jose Lebron
|
0-0: Foul Ball, location: 2F 0-1: Ball 1-1: SOLO HOME RUN (Flyball, 9D, EV 95.6 MPH), Distance : 372 ft
|
|
Batting: RHB Alex Colon
|
0-0: Called Strike 0-1: Foul Ball, location: 2F 0-2: Strikes out swinging
|
|
Batting: LHB Bart Davies
|
0-0: Foul Ball, location: 2F 0-1: Called Strike 0-2: Strikes out looking
|
|
Batting: SHB Edwin Dominguez
|
0-0: Ball 1-0: Ball 2-0: DOUBLE (Line Drive, 89M, EV 98.1 MPH)
|
|
Batting: RHB Nazeeh Zubair
|
0-0: Called Strike 0-1: Fly out, F6 (Popup, 4M, EV 58.8 MPH)
|
| Bottom of the 8th over - 1 run, 2 hits, 0 errors, 1 left on base; Trois-Riveres 2 - Niagara Falls 3 |
| TOP OF THE 9TH |
|
Trois-Riveres Aigles batting - Pitching for Niagara Falls Phantoms : RHP Jimmy Williams
|
|
Pitching: RHP Mark Stafford
|
|
|
Now at 1B: Matt Crane
|
|
|
Batting: LHB Darryl Gonnella
|
0-0: Swinging Strike 0-1: Ball 1-1: Ball 2-1: SINGLE (Line Drive, 89S, EV 108.8 MPH)
|
|
Batting: RHB Sesto Carpini
|
0-0: Fielders Choice at 2nd, 4-6 (Groundball, 4, EV 102.5 MPH)
|
|
Pinch Hitting: LHB Dave Northam
|
0-0: Called Strike 0-1: Fielders Choice at 2nd, 4-6 (Groundball, 4, EV 93.8 MPH)
|
|
Pinch Hitting: LHB Oscar Curiel
|
0-0: Ball 1-0: Swinging Strike 1-1: Foul Ball, location: 2F 1-2: Strikes out looking
|
| Top of the 9th over - 0 runs, 1 hit, 0 errors, 1 left on base; Trois-Riveres 2 - Niagara Falls 3 |
|